 Dungeon Crawl Stone Soup version 0.24.0-28-g17ded55e90 (webtiles) character file.

Game seed: 11655059815790824073, levelgen mode: deterministic

1633 Delamore the Cleaver (level 8, 0/75 HPs)
             Began as a Hill Orc Fighter on Nov 11, 2019.
             Was a Priest of Okawaru.
             Killed from afar by a deep elf mage (25 damage)
             ... with a bolt of fire
             ... summoned by a worldbinder
             ... on level 1 of the Abyss.
             The game lasted 00:05:33 (3815 turns).

Delamore the Cleaver (Hill Orc Fighter)             Turns: 3815, Time: 00:05:34

Health: 0/75       AC:  7    Str: 21    XL:     8   Next: 98%
Magic:  8/8        EV:  8    Int:  8    God:    Okawaru [***...]
Gold:   322        SH:  9    Dex: 10    Spells: 7/7 levels left

rFire    . . .     SeeInvis .   a - +0 war axe
rCold    . . .     Gourm    .   c - +0 shield
rNeg     . . .     Faith    .   h - +3 leather armour
rPois    .         Spirit   .   o - +0 helmet
rElec    .         Reflect  .   (no cloak)
rCorr    .         Harm     .   (no gloves)
MR       +....                  (no boots)
Stlth    +.........             (no amulet)
HPRegen  0.22/turn              i - ring of protection from magic
MPRegen  0.11/turn              (no ring)

@: flying
A: no striking features
a: Heroism, Renounce Religion


You were on level 1 of the Abyss.
You worshipped Okawaru.
Okawaru was most pleased with you.
You were not hungry.

You visited 1 branch of the dungeon, and saw 5 of its levels.
You visited the Abyss 1 time.

You collected 322 gold pieces.

Inventory:

Hand Weapons
 a - a +0 war axe (weapon)
Missiles
 n - 11 atropa-tipped darts (quivered)
Armour
 c - a +0 shield (worn)
 h - a +3 leather armour (worn)
 o - a +0 helmet (worn)
Jewellery
 i - a ring of protection from magic (left hand)
Wands
 v - a wand of paralysis (9)
Scrolls
 e - a scroll of amnesia {unknown}
 g - 2 scrolls of remove curse {unknown}
 m - 3 scrolls of identify {unknown}
 s - a scroll of enchant armour {unknown}
 t - a scroll of magic mapping {unknown}
 u - 2 scrolls of fog {unknown}
 x - a scroll of teleportation {unknown}
 y - a scroll of immolation {unknown}
 A - 2 scrolls of blinking {unknown}
Potions
 b - a potion of flight
 d - a potion of might
 j - a potion of magic {unknown}
 k - 2 potions of mutation {unknown}
 l - a potion of cancellation {unknown}
 p - a potion of curing
 q - a potion of heal wounds {unknown}
 r - a potion of lignification {unknown}
 w - 2 potions of brilliance {unknown}
Comestibles
 f - 10 rations
 z - 2 chunks of flesh


   Skills:
 * Level 8.5 Fighting
 + Level 14.9 Axes
 - Level 3.2 Armour
 - Level 3.2 Shields


You had 7 spell levels left.
You didn't know any spells.
Your spell library contained the following spells:

 Spells                   Type           Power        Failure   Level  Hunger
 Flame Tongue             Conj/Fire      #....        93%         1    ##.....
 Throw Flame              Conj/Fire      #.....       98%         2    ###....
 Conjure Flame            Conj/Fire      #.......     100%        3    ####...
 Inner Flame              Hex/Fire       #.......     100%        3    ####...
 Sticky Flame             Conj/Fire      #.......     100%        4    #####..
 Fireball                 Conj/Fire      #.........   100%        5    ######.


Dungeon Overview and Level Annotations

Branches:
Dungeon (5/15)
 Temple: D:4-7

Altars:
Ashenzari
Gozag
Okawaru
Wu Jian

Annotations:
D:5 Blork the orc


Message History

The deep elf mage mumbles some strange words.
The worldbinder hits you.
* * * LOW HITPOINT WARNING * * *
You block the worldbinder's attack. You block the worldbinder's attack. x2
The worldbinder barely misses you. The worldbinder closely misses you.
The deep elf mage disappears in a puff of smoke!
The worldbinder calls forth creatures from the Elven Halls!
The deep elf mage disappears in a puff of smoke!
The deep elf mage gestures wildly while chanting.
The deep elf mage blinks!
It was a potion of curing.
You feel better. You block the worldbinder's attack.
The worldbinder barely misses you. The worldbinder hits you. x2
The deep elf knight disappears in a puff of smoke!
The worldbinder calls forth creatures from the Elven Halls!
The deep elf mage mumbles some strange words.
The deep elf mage gestures at you while chanting.
The bolt of fire hits you!!
You die...

.. ## .. ## #...
.# #.#.#.. .# .
.# . ...# .## ..#
.......#.###.##
#...# .#.
.#.##.....#.....#
... #...##..x@..#
... ##.###.#..#.#
... #3ee..e.### #
#.#§..#.○☼###
#X#..##### #.#..
.# . .#... #
.#.#.....
..##.##....#


You could see a deep elf mage and a worldbinder.

Vanquished Creatures
  Pikel (D:5)
  Grinder (D:4)
  Sigmund (D:5)
  An ogre (D:5)
  2 crimson imps (D:5)
  2 howler monkeys (D:4)
  2 orc priests (D:4)
  2 hounds
  6 orc wizards (D:4)
  2 worker ants (D:4)
  A hound skeleton (D:5)
  Robin (D:3)
  5 adders
  2 oozes (D:1)
  4 worms
  A dart slug (D:2)
  A leopard gecko (D:2)
  24 orcs
  13 bats
  6 giant cockroaches
  18 goblins
  5 hobgoblins
  5 jackals
  2 kobolds (D:1)
  A quokka (D:2)
  2 ball pythons (D:2)
  6 frilled lizards
  5 rats
122 creatures vanquished.

Notes
Turn   | Place    | Note
-------+----------+-------------------------------------------
     0 | D:1      | Delamore the Hill Orc Fighter began the quest for the Orb.
     0 | D:1      | Reached XP level 1. HP: 19/19 MP: 1/1
    21 | D:1      | Reached skill level 3 in Axes
   238 | D:1      | Reached XP level 2. HP: 22/26 MP: 2/2
   291 | D:1      | Reached skill level 4 in Axes
   471 | D:1      | Reached XP level 3. HP: 26/31 MP: 3/3
   848 | D:2      | Found an iron altar of Okawaru.
   860 | D:2      | Reached skill level 5 in Axes
   870 | D:2      | Became a worshipper of Warmaster Okawaru
   959 | D:2      | Reached skill level 13 in Axes
   959 | D:2      | Reached XP level 4. HP: 2/39 MP: 4/4
  1268 | D:2      | Reached XP level 5. HP: 31/45 MP: 5/5
  1328 | D:2      | Found a shattered altar of Ashenzari.
  1425 | D:2      | Reached skill level 14 in Axes
  1636 | D:3      | Noticed Robin
  1651 | D:3      | Killed Robin
  1855 | D:3      | Found an ornate altar of the Wu Jian Council.
  2109 | D:3      | Reached XP level 6. HP: 48/52 MP: 6/6
  2154 | D:4      | Reached * piety under Okawaru
  2337 | D:4      | Reached skill level 5 in Fighting
  2574 | D:4      | Reached XP level 7. HP: 61/61 MP: 7/7
  2733 | D:4      | Noticed Grinder
  2754 | D:4      | Killed Grinder
  2754 | D:4      | Reached ** piety under Okawaru
  3180 | D:5      | Entered Level 5 of the Dungeon
  3258 | D:5      | Reached XP level 8. HP: 71/71 MP: 8/8
  3373 | D:5      | Noticed Blork the orc
  3543 | D:5      | Found an opulent altar of Gozag.
  3615 | D:5      | Noticed Sigmund
  3623 | D:5      | Killed Sigmund
  3644 | D:5      | Noticed Pikel
  3653 | D:5      | Killed Pikel
  3653 | D:5      | Reached *** piety under Okawaru
  3703 | D:5      | Cast into level 1 of the Abyss (Blork the orc)
  3773 | Abyss:1  | Noticed a smoke demon
  3776 | Abyss:1  | Noticed a starcursed mass
  3782 | Abyss:1  | Noticed a worldbinder
  3784 | Abyss:1  | Noticed a deep elf knight
  3784 | Abyss:1  | Noticed a deep elf knight
  3787 | Abyss:1  | Noticed a deep elf knight
  3792 | Abyss:1  | Noticed a deep elf mage
  3792 | Abyss:1  | Noticed a deep elf mage
  3803 | Abyss:1  | Noticed a deep elf mage
  3804 | Abyss:1  | Noticed a deep elf knight
  3813 | Abyss:1  | Noticed a deep elf mage
  3813 | Abyss:1  | Noticed a deep elf archer
  3813 | Abyss:1  | Noticed a deep elf mage
  3815 | Abyss:1  | Killed from afar by a deep elf mage

Levels and vault maps discovered:
D:1:      dpeg_arrival_tiny_f, layout_loops_corners
D:2:      layout_rooms, okawaru_trees_2, ashenzari_altar_1
D:3:      layout_basic, lemuel_crystal_altar, first_ration,
          minmay_misc_feat_enclosed, uniq_robin
D:4:      layout_basic, uniq_grinder
D:5:      layout_loops_corners, lemuel_doored_altar,
          hangedman_abyss_or_decor_stabs, kennysheep_nub,
          minmay_splitting_lines, nrook_uturn, uniq_sigmund, uniq_blork_the_orc,
          uniq_pikel
Abyss:1:  base: D:4, base:
D:3

Skill      XL: |  1  2  3  4  5  6  7  8 |
---------------+-------------------------+-----
Axes           | 3 4 13 14 | 14.9
Fighting       | 4 5 6 8 |  8.5
Armour         | |  3.2
Shields        | |  3.2

Action                   |  1- 3 |  4- 6 |  7- 9 || total
-------------------------+-------+-------+-------++-------
Melee: War axe           |    76 |   136 |   109 ||   321
Evoke: Wand              |       |       |     1 ||     1
  Use: Potion            |     1 |       |     2 ||     3
 Stab: Paralysed         |       |       |     3 ||     3
  Eat: Chunk             |       |     5 |     4 ||     9
Armor: Scale mail        |    35 |    46 |     7 ||    88
       Leather armour    |       |       |    20 ||    20
Dodge: Dodged            |    26 |    21 |    33 ||    80
Block: Shield            |    43 |    52 |    38 ||   133
